 Dungeon Sprint DCSS version 0.27.1-4-g1640c2035a (webtiles) character file.

Game seed: 11973017595901009048

152 boopmooplesden the Skirmisher (level 5, -2/53 HPs)
             Began as a Minotaur Fighter on Nov 10, 2021.
             Slain by a troll (6 damage)
             ... in the Dungeon (Sprint VII: "The Pits").
             The game lasted 00:00:23 (33 turns).

boopmooplesden the Skirmisher (Minotaur Fighter)      Turns: 33, Time: 00:00:23

Health: -2/53      AC:  8    Str: 21    XL:     5   Next: 11%
Magic:  4/4        EV:  8    Int:  5    God:
Gold:   0          SH: 11    Dex: 10    Spells: 4/4 levels left

rFire    . . .     SeeInvis .   a - +0 long sword
rCold    . . .     Faith    .   c - +0 kite shield
rNeg     . . .     Spirit   .   b - +0 scale mail
rPois    .         Reflect  .   (helmet restricted)
rElec    .         Harm     .   (no cloak)
rCorr    .         Rampage  .   (no gloves)
Will     .....     NoTele   +   (no boots)
Stlth    ..........             (no amulet)
HPRegen  0.17/turn              (no ring)
MPRegen  0.09/turn              (no ring)

@: mighty
A: horns 2, retaliatory headbutt
a: no special abilities


You were in the Dungeon.
You visited 1 branch

Inventory:

Hand Weapons
 a - a +0 long sword (weapon)
Armour
 b - a +0 scale mail (worn)
 c - a +0 kite shield (worn)
Scrolls
 j - a scroll of blinking
Potions
 e - a potion of curing
 g - a potion of haste
 h - 2 potions of magic
 i - a potion of berserk rage


   Skills:
 + Level 7.9 Fighting
 + Level 4.1 Long Blades
 + Level 7.9 Armour
 + Level 7.5 Shields


You had 4 spell levels left.
You didn't know any spells.
Your spell library was empty.

Dungeon Overview and Level Annotations

Branches:
Dungeon (1/1)

Altars:


Innate Abilities, Weirdness & Mutations

You have a pair of horns on your head.
You reflexively headbutt those who attack you in melee.


Message History

The shadow flickers and vanishes!
Deactivating autopickup; reactivate with Ctrl-A.
The shadow strikes at you from the darkness!
Ouch! That really hurt!
* * * LOW HITPOINT WARNING * * *
Reactivating autopickup.
You feel much better. You block the shadow's attack.
You hit the shadow. Your headbutt misses the shadow.
The shadow is severely damaged.
The shadow hits you.
You barely miss the shadow.
The shadow is severely damaged.
The shadow slips into darkness.
The shadow flickers and vanishes!
Deactivating autopickup; reactivate with Ctrl-A.
The shadow strikes at you from the darkness!
Ouch! That really hurt!
* * * LOW HITPOINT WARNING * * *
Reactivating autopickup.
You barely miss the shadow. You headbutt the shadow.
You destroy the shadow!
The troll bites you but does no damage. The troll barely misses you. x2
Your Fighting skill gained 3 levels and is now at level 7!
Your Long Blades skill gained 2 levels and is now at level 4!
Your Armour skill gained 3 levels and is now at level 7!
Your Shields skill gained 3 levels and is now at level 7!
You have reached level 3!
Your experience leads to an increase in your attributes!
Increase (S)trength, (I)ntelligence, or (D)exterity?
You feel stronger.
You have reached level 4!
You feel agile.
You have reached level 5!
Unknown command.
You slash the troll!
The troll is heavily wounded.
The troll bites you!
* * * LOW HITPOINT WARNING * * *
The troll claws you but does no damage. The troll claws you.
You die...

##########++######
#................#
#......#..#......#
#................+
+................+
#......#..#......#
#.....@T)........#
####'#####''######
#.......##''#
#.......##..#
#.......##g.#
#...<...##..#
#.......##WT#
#.......##..#
#.......##...


You could see a troll.

Vanquished Creatures
  A shadow (D)
  A gnoll (D)
2 creatures vanquished.

Notes
Turn   | Place    | Note
-------+----------+-------------------------------------------
     0 | D        | boopmooplesden the Minotaur Fighter began the quest for the
                  | Orb.
     0 | D        | Reached XP level 1. HP: 19/19 MP: 0/0
    14 | D        | Noticed a troll
    14 | D        | Noticed a shadow
    24 | D        | Reached XP level 2. HP: 28/28 MP: 1/1
    32 | D        | Killed a shadow
    33 | D        | Reached XP level 3. HP: 9/40 MP: 2/2
    33 | D        | Reached XP level 4. HP: 11/48 MP: 3/3
    33 | D        | Reached XP level 5. HP: 12/53 MP: 4/4
    33 | D        | Slain by a troll

Illustrated notes

Levels and vault maps discovered:
D:        pitsprint [storerooms_1, entrance_room_1, metal_vault_3, armoury_1,
          mini_pit_1, grid_room_1, main_hall_1, silver_pit, the_coven_3,
          the_vestibule_1, steel_vault_2, golden_pit, hallway_of_sentries,
          crystal_vault_6, iron_vault_1, final_vault]

Skill      XL: |  1  2 |
---------------+-------+-----
Fighting       | 4 7 |  7.9
Armour         | 4 7 |  7.9
Shields        | 4 7 |  7.5
Long Blades    | 4 |  4.1

Action                   |  1- 3 |  4- 6 || total
-------------------------+-------+-------++-------
Melee: Long sword        |     8 |     1 ||     9
       Headbutt          |     1 |       ||     1
  Use: Potion            |     2 |       ||     2
Armor: Scale mail        |     4 |     1 ||     5
Dodge: Dodged            |     3 |       ||     3
Block: Kite shield       |     1 |       ||     1
